 Dungeon Crawl Stone Soup version 0.21.1-1-g345015f (webtiles) character file.

296731 erloom the Victor of a Thousand Battles (level 20, 0/159 HPs)
             Began as a Gnoll Wanderer on Mar 2, 2018.
             Was the Champion of Okawaru.
             Drowned by a water elemental (4 damage)
             ... on level 15 of the Dungeon.
             The game lasted 04:27:03 (54368 turns).

erloom the Victor of a Thousand Battles (GnWn)     Turns: 54368, Time: 04:27:03

Health: 0/159      AC: 32    Str: 21    XL:     20   Next: 91%
Magic:  0/37       EV: 17    Int: 31    God:    Okawaru [******]
Gold:   2557       SH: 14    Dex: 25    Spells: 33/46 levels left

rFire    + + +     SeeInvis +   O - +6 long sword "Plog" {vamp, rPois rF+++ rC- Dex+6}
rCold    + + .     Gourm    .   N - +0 shield {reflect}
rNeg     + + +     Faith    .   y - +10 plate armour "Olyck" {rN+}
rPois    +         Spirit   +   u - +0 helmet "Weppo" {rN+ Str+2 Stlth+}
rElec    +         Reflect  +   F - scarf {Spirit}
rCorr    +         Harm     .   B - +2 pair of gloves of Proximity {Int+4 Dex+5 Slay+5}
MR       +....                  I - +0 pair of boots "Waumm" {rCorr Str+4}
Stlth    +++.......             W - amulet of regeneration
HPRegen  0.76/turn              Z - ring of Teahac {Ice rN++ Int+3 SInv}
MPRegen  0.25/turn              T - ring of Ru's Approval {rF+ rC+ Str-3 Int+3}

@: lethally poisoned (0 -> -31), resistant, finesse, engulfed (cannot breathe),
very slightly contaminated, hasted, studying Fighting, invisible, very quick
A: distributed training, fangs 1, strong nose
}: 2/15 runes: barnacled, gossamer
a: Heroism, Finesse, Renounce Religion


You were on level 15 of the Dungeon.
You worshipped Okawaru.
Okawaru was exalted by your worship.
You were hungry.

You visited 8 branches of the dungeon, and saw 36 of its levels.
You visited the Abyss 1 time.
You also visited: Ice Cave.

You collected 4609 gold pieces.
You spent 2052 gold pieces at shops.

Inventory:

Hand Weapons
 b - the +7 longbow "Hiujah" {venom, rElec rPois Dex-3 Stlth+}
   (Okawaru gifted it to you on level 11 of the Dungeon)

   It poisons the ammo it fires.
   It affects your dexterity (-3).
   It insulates you from electricity.
   It protects you from poison.
   It makes you more stealthy.
 O - the +6 long sword "Plog" (weapon) {vamp, rPois rF+++ rC- Dex+6}
   (You took it off a deep elf death mage on level 3 of the Elven Halls)

   It inflicts no extra harm, but heals its wielder when it wounds a living foe.
   It affects your dexterity (+6).
   It renders you almost immune to fire.
   It makes you vulnerable to cold.
   It protects you from poison.
 U - the +10 fustibalus of Conversion {speed, MR+ Int+4}
   (You found it on level 2 of the Elven Halls)

   Attacks with this weapon are significantly faster.
   It affects your intelligence (+4).
   It affects your resistance to hostile enchantments.
Missiles
 G - 475 stones (quivered)
Armour
 u - the +0 helmet "Weppo" (worn) {rN+ Str+2 Stlth+}
   (Okawaru gifted it to you on level 3 of the Shoals)

   It affects your strength (+2).
   It protects you from negative energy.
   It makes you more stealthy.
 y - the +10 plate armour "Olyck" (worn) {rN+}
   (You bought it in a shop on level 10 of the Dungeon)

   It protects you from negative energy.
 B - the +2 pair of gloves of Proximity (worn) {Int+4 Dex+5 Slay+5}
   (You bought it in a shop on level 2 of the Orcish Mines)

   It affects your intelligence (+4).
   It affects your dexterity (+5).
   It affects your accuracy and damage with ranged weapons and melee attacks
   (+5).
 F - a scarf of spirit shield (worn)
 I - the +0 pair of boots "Waumm" (worn) {rCorr Str+4}
   (You found it on level 2 of the Spider Nest)

   It affects your strength (+4).
   It protects you from acid and corrosion.
 N - a +0 shield of reflection (worn)
Jewellery
 d - an uncursed ring of protection from magic
 T - the ring of Ru's Approval (right hand) {rF+ rC+ Str-3 Int+3}
   (You found it on level 6 of the Lair of Beasts)

   [ring of intelligence]

   It affects your strength (-3).
   It affects your intelligence (+3).
   It protects you from fire.
   It protects you from cold.
 W - an amulet of regeneration (around neck)
 Z - the ring of Teahac (left hand) {Ice rN++ Int+3 SInv}
   (You took it off a deep elf death mage on level 3 of the Elven Halls)

   [ring of ice]

   It enhances your ice magic.
   It affects your intelligence (+3).
   It makes you vulnerable to fire.
   It protects you from cold.
   It greatly protects you from negative energy.
   It lets you see invisible.
Wands
 i - a wand of digging (3)
 q - a wand of disintegration (22)
 H - a wand of clouds (9)
 R - a wand of iceblast (19)
 X - a wand of scattershot (8)
Scrolls
 c - 3 scrolls of teleportation
 h - 7 scrolls of fog
 o - 4 scrolls of blinking
 s - 21 scrolls of remove curse
 D - 3 scrolls of fear
Potions
 j - 2 potions of heal wounds
 l - a potion of agility
 t - 2 potions of might
 v - 2 potions of resistance
 E - 16 potions of curing
 P - 3 potions of cancellation
 S - a potion of invisibility
Books
 k - a manual of Fighting
 w - a book of Necromancy

   Spells                             Type                      Level
   a - Pain                           Necromancy                   1
   b - Animate Skeleton               Necromancy                   1
   c - Vampiric Draining              Necromancy                   3
   d - Regeneration                   Charms/Necromancy            3
   e - Animate Dead                   Necromancy                   4
   f - Borgnjor's Vile Clutch         Necromancy/Earth             5
Miscellaneous
 g - a lightning rod (4/4)
 V - a lamp of fire
Comestibles
 a - 2 chunks of flesh
 f - 33 rations


   Skills:
 + Level 14.1 Fighting
 + Level 13.5 Short Blades
 + Level 14.1 Long Blades
 + Level 13.5 Axes
 + Level 13.5 Maces & Flails
 + Level 13.5 Polearms
 + Level 13.5 Staves
 + Level 13.5 Slings
 + Level 13.5 Bows
 + Level 13.5 Crossbows
 + Level 13.5 Throwing
 + Level 13.5 Armour
 + Level 14.1 Dodging
 + Level 14.0 Stealth
 + Level 13.5 Shields
 + Level 13.7 Unarmed Combat
 + Level 13.5 Spellcasting
 + Level 11.6 Conjurations
 + Level 11.6 Hexes
 + Level 11.6 Charms
 + Level 11.6 Summonings
 + Level 11.6 Necromancy
 + Level 11.6 Translocations
 + Level 11.6 Transmutations
 + Level 11.6 Fire Magic
 + Level 11.6 Ice Magic
 + Level 11.6 Air Magic
 + Level 11.6 Earth Magic
 + Level 11.6 Poison Magic
 + Level 14.5 Invocations
 + Level 13.7 Evocations


You had 33 spell levels left.
You knew the following spells:

 Your Spells              Type           Power        Failure   Level  Hunger
a - Infusion              Chrm           ####         1%          1    None
b - Shroud of Golubria    Chrm/Tloc      #######...   1%          2    None
c - Song of Slaying       Chrm           #######.     1%          2    None
d - Regeneration          Chrm/Necr      #######...   1%          3    None
e - Borgnjor's Vile Clut  Necr/Erth      #######...   8%          5    None


Dungeon Overview and Level Annotations

Branches:
Dungeon (15/15)            Temple (1/1) D:6            Lair (6/6) D:9
 Shoals (4/4) Lair:2       Spider (4/4) Lair:2        Slime (0/5) Lair:6
    Orc (2/2) D:10            Elf (3/3) Orc:2        Vaults (0/5) D:13
 Depths (1/5) D:15

Altars:
Ashenzari
Cheibriados
Dithmenos
Elyvilon
Fedhas
Gozag
Kikubaaqudgha
Makhleb
Nemelex Xobeh
Okawaru
Qazlal
Ru
Sif Muna
Trog
Uskayaw
Vehumet
Wu Jian
Xom
Yredelemnul
Zin
Jiyva

Shops:
D:7 }   D:9 =   D:10 [   D:12 [[!   Orc:1 *%}%*   Orc:2 %[%(   Elf:1 *[*!

Portals:
Trove: D:10 (give +4 shadow dragon scales)

Annotations:
D:8 Baghtru's ghost, novice HOFi
D:15 the Enchantress


Innate Abilities, Weirdness & Mutations

Your experience applies equally to all skills.
You have very sharp teeth.
Your uncanny sense of smell can sniff out nearby items.


Message History

* * * LOW HITPOINT WARNING * * *
Your lungs strain for air!
* * * LOW HITPOINT WARNING * * *
You feel very sick. You block the water elemental's attack.
The spriggan rider hits you but does no damage.
You block the spriggan defender's attack.
The Enchantress hits you but does no damage.
Space warps horribly around you!
* * * LOW HITPOINT WARNING * * *
The Enchantress blocks your attack.
Your bite misses the Enchantress.
The Enchantress is severely wounded.
* * * LOW HITPOINT WARNING * * *
Your lungs strain for air!
* * * LOW HITPOINT WARNING * * *
You feel sick. The Enchantress blocks your attack.
You bite the Enchantress, but do no damage.
The Enchantress is severely wounded.
You die...

........###..........##
........##..)......#..#
........#........#....##
...........#####.#[....#
...........#.....#...#.#
.......)#..#..#.#.#.##.#
.......#####.#..i#...#.#
#.....######..iiE#.#.#.#
.....###.....#.i@#...#.#
.##.## #.####)####...#.#
....####.#⌠..#.....#.#.#
..#.#....#.(...#####.#.#
#........#...#.# #.#.#
###...#.#.#.#..# #.#.#
##.....#.....# #.#.#
###...#.##### #.#.#
#...#.# #.#.#


You could see the Enchantress (invisible), a spriggan defender, a spriggan
rider, a water elemental and a spriggan.

Vanquished Creatures
  Bai Suzhen (Elf:3)
  Saint Roka (Elf:3)
  Nikola (Spider:2)
  The ghost of Mgcat the Warrior, an adept HuBe of Trog (Shoals:4)
  Jorgrun (Spider:2)
  A lich (Abyss:2)
  6 deep elf blademasters
  Asterion (Elf:3)
  2 deep elf master archers (Elf:3)
  A kraken (Shoals:2)
  Gastronok (D:9)
  Donald (Spider:2)
  Ilsuiw (Shoals:4)
  The ghost of Spoonicorn the Executioner, a journeyman MiBe of Trog (Shoals:1)
  8 deep elf sorcerers
  5 ghost moths
  A frost giant (Shoals:4)
  3 emperor scorpions (Spider:4)
  2 deep elf elementalists (Elf:3)
  2 spriggan defenders (D:15)
  A very ugly thing (Abyss:2)
  A reaper (IceCv)
  5 entropy weavers
  2 deep elf demonologists (Elf:3)
  The ghost of Ratty the Thanatomancer, a journeyman DENe of Ashenzari (D:14)
  4 deep elf annihilators (Elf:3)
  3 spark wasps
  An ettin (D:13)
  3 merfolk javelineers (Shoals:4)
  7 deep elf death magi
  Josephine (D:11)
  14 merfolk impalers
  A fire dragon (D:13)
  A deep elf high priest (Elf:3)
  A vault guard (D:13)
  6 hydras
  Erolcha (D:11)
  3 merfolk avatars
  4 two-headed ogres
  4 catoblepae
  An alligator snapping turtle (Shoals:4)
  3 centaur warriors
  5 merfolk aquamancers
  3 satyrs
  4 tengu warriors
  5 death yaks (Lair:6)
  22 dancing weapons
  A death knight (Abyss:2)
  4 orc high priests (Orc:2)
  22 deep elf knights
  A sixfirhy (Abyss:2)
  An iron troll (D:13)
  9 skeletal warriors
  A shadow demon (Abyss:2)
  A deep troll (D:15)
  4 unseen horrors
  8 sea snakes
  A flayed ghost (Abyss:2)
  The ghost of bmj180 the Cutter, a novice HaFi of Okawaru (D:6)
  A wizard (D:14)
  23 harpies
  19 deep elf archers
  5 orc knights
  A harpy (shapeshifter) (D:15)
  16 orb spiders
  60 deep elf magi
  5 ugly things
  5 orc sorcerers
  3 moths of wrath
  6 cyclopes
  11 manticores
  11 fauns
  26 wolf spiders
  5 oklob plants
  2 black mambas
  7 merfolk sirens
  3 centaur zombies
  Maurice (D:11)
  2 torpor snails
  2 guardian serpents (D:10)
  3 water nymphs (Shoals:4)
  2 ice statues (IceCv)
  2 gargoyles
  5 spiny frogs
  5 centaur skeletons
  A komodo dragon (shapeshifter) (D:13)
  2 komodo dragons (Lair:1)
  9 kobold demonologists
  13 demonic crawlers
  An efreet (D:13)
  A yaktaur (shapeshifter) (D:15)
  2 hellwings (Abyss:2)
  12 ice devils
  A tengu conjurer (D:15)
  8 trolls
  6 wind drakes
  31 merfolk
  33 jumping spiders
  5 hornets
  A harpy skeleton (D:14)
  2 polar bears
  13 slime creatures
  4 dream sheep (Lair:6)
  6 hippogriffs
  A large abomination (Abyss:2)
  2 raiju (Abyss:2)
  10 snapping turtles
  A shadow (Abyss:2)
  An air elemental (Elf:3)
  A centaur simulacrum (D:12)
  54 redbacks
  2 spriggans (shapeshifter)
  5 starcursed masses (Abyss:2)
  A spriggan (D:15)
  31 tarantellas
  6 small abominations (Abyss:2)
  9 water elementals
  Eustachio (D:4)
  3 wyverns
  3 hogs (D:8)
  41 yaks
  4 wraiths
  A golden eye (shapeshifter) (D:14)
  7 basilisks
  A human (D:8)
  5 fire elementals
  8 vampire mosquitoes
  A hungry ghost (D:11)
  A warg (shapeshifter) (Elf:3)
  10 swamp worms (Lair:6)
  4 wargs
  Menkaure (D:5)
  A soldier ant (D:10)
  An acid dragon (D:11)
  10 water moccasins
  6 porcupines
  A black bear (D:6)
  An eye of draining (D:11)
  28 orc warriors
  7 sky beasts
  3 phantoms
  13 ice beasts
  An eye of draining (shapeshifter) (Elf:1)
  17 wolves
  11 ogres
  9 centaurs
  Blork the orc (D:5)
  9 big kobolds
  11 crocodiles
  5 earth elementals
  12 bullfrogs
  2 gnoll sergeants
  7 scorpions
  A wyvern skeleton (D:13)
  5 wights (D:12)
  10 killer bees
  4 howler monkeys (D:10)
  3 electric eels
  A lava snake (Orc:1)
  7 crimson imps
  A bullfrog skeleton (D:5)
  2 quasits
  7 hounds
  5 jellies
  2 gnoll shamans
  18 orc priests
  Terence (D:3)
  18 orc wizards
  3 iguanas
  6 worker ants
  4 worker ant zombies
  A howler monkey zombie (D:5)
  A howler monkey skeleton (D:6)
  12 adders
  14 gnolls
  5 shadow imps
  9 white imps (IceCv)
  5 ufetubi
  2 oozes
  11 worms
  5 leopard geckos
  80 orcs
  2 ball pythons
  2 bat zombies (D:1)
  4 giant cockroaches
  5 goblins
  18 hobgoblins
  8 jackals
  30 kobolds
  5 quokkas
  10 bats
  6 frilled lizards
  A jackal skeleton (D:6)
  A leopard gecko zombie (D:6)
  A quokka skeleton (D:5)
  10 rats
  6 plants
  2 tentacles (Shoals:2)
  A withered plant (D:14)
1310 creatures vanquished.

Vanquished Creatures (others)
  A merfolk javelineer (Shoals:4)
  A hell hog (Abyss:2)
  A jumping spider (Spider:2)
  A big kobold (D:8)
  A white imp (IceCv)
  5 ufetubi (IceCv)
  14 plants
  11 tentacles (Shoals:2)
35 creatures vanquished.

Grand Total: 1345 creatures vanquished

Notes
Turn   | Place    | Note
-------+----------+-------------------------------------------
     0 | D:1      | erloom the Gnoll Wanderer began the quest for the Orb.
     0 | D:1      | erloom set off with: a +2 falchion, a potion of lignification, a scroll of teleportation, a +0 robe, a +0 dagger, a ration
     0 | D:1      | Reached XP level 1. HP: 20/20 MP: 2/2
    68 | D:1      | Reached XP level 2. HP: 26/26 MP: 3/3
   293 | D:1      | Reached XP level 3. HP: 19/31 MP: 4/4
  1159 | D:2      | Reached skill level 1 in Invocations
  1447 | D:2      | Reached skill level 1 in Short Blades
  1447 | D:2      | Reached skill level 1 in Axes
  1447 | D:2      | Reached skill level 1 in Maces & Flails
  1447 | D:2      | Reached skill level 1 in Polearms
  1447 | D:2      | Reached skill level 1 in Staves
  1447 | D:2      | Reached skill level 1 in Slings
  1447 | D:2      | Reached skill level 1 in Bows
  1447 | D:2      | Reached skill level 1 in Crossbows
  1447 | D:2      | Reached skill level 1 in Throwing
  1447 | D:2      | Reached skill level 1 in Armour
  1447 | D:2      | Reached skill level 1 in Shields
  1447 | D:2      | Reached skill level 1 in Spellcasting
  1578 | D:2      | Reached XP level 4. HP: 38/38 MP: 6/6
  1582 | D:2      | Found a basalt altar of Yredelemnul.
  1786 | D:3      | Found a deep blue altar of Sif Muna.
  2126 | D:3      | Reached skill level 1 in Conjurations
  2126 | D:3      | Reached skill level 1 in Hexes
  2126 | D:3      | Reached skill level 1 in Charms
  2126 | D:3      | Reached skill level 1 in Summonings
  2126 | D:3      | Reached skill level 1 in Necromancy
  2126 | D:3      | Reached skill level 1 in Translocations
  2126 | D:3      | Reached skill level 1 in Transmutations
  2126 | D:3      | Reached skill level 1 in Fire Magic
  2126 | D:3      | Reached skill level 1 in Ice Magic
  2126 | D:3      | Reached skill level 1 in Air Magic
  2126 | D:3      | Reached skill level 1 in Earth Magic
  2126 | D:3      | Reached skill level 1 in Poison Magic
  2234 | D:3      | Reached XP level 5. HP: 41/43 MP: 7/7
  2462 | D:3      | Noticed Terence
  2489 | D:3      | Killed Terence
  2553 | D:3      | Reached XP level 6. HP: 43/50 MP: 8/8
  2709 | D:3      | Found a hide-covered altar of Uskayaw.
  2805 | D:4      | Noticed Eustachio
  2823 | D:4      | Killed Eustachio
  2823 | D:4      | Reached skill level 5 in Fighting
  2823 | D:4      | Reached skill level 5 in Long Blades
  2823 | D:4      | Reached skill level 5 in Dodging
  2846 | D:4      | Found a sparkling altar of Nemelex Xobeh.
  3049 | D:4      | Found a burning altar of Makhleb.
  3055 | D:4      | Reached XP level 7. HP: 54/56 MP: 10/10
  3403 | D:4      | You fall through a shaft!
  3403 | D:5      | Entered Level 5 of the Dungeon
  3407 | D:5      | Reached skill level 5 in Stealth
  3794 | D:5      | Reached XP level 8. HP: 63/63 MP: 12/12
  4100 | D:5      | Noticed Menkaure
  4114 | D:5      | Killed Menkaure
  4349 | D:5      | Noticed Blork the orc
  4358 | D:5      | Killed Blork the orc
  4437 | D:6      | Noticed bmj180's ghost (novice HaFi)
  5141 | D:6      | Reached XP level 9. HP: 69/69 MP: 14/14
  5747 | D:6      | Killed bmj180's ghost
  5747 | D:6      | Reached skill level 5 in Unarmed Combat
  5747 | D:6      | Reached skill level 5 in Evocations
  5756 | D:6      | Found a staircase to the Ecumenical Temple.
  5762 | Temple   | Entered the Ecumenical Temple
  5771 | Temple   | Became a worshipper of Warmaster Okawaru
  5823 | D:6      | Found a sacrificial altar of Ru.
  5854 | D:6      | Found an ornate altar of the Wu Jian Council.
  6149 | D:7      | Reached skill level 5 in Invocations
  6664 | D:7      | Reached XP level 10. HP: 66/77 MP: 17/17
  6733 | D:7      | Found a blossoming altar of Fedhas.
  6893 | D:7      | Found Impi's Gadget Shoppe.
  7037 | D:7      | Reached * piety under Okawaru
  7465 | D:8      | Reached skill level 5 in Short Blades
  7465 | D:8      | Reached skill level 5 in Axes
  7465 | D:8      | Reached skill level 5 in Maces & Flails
  7465 | D:8      | Reached skill level 5 in Polearms
  7465 | D:8      | Reached skill level 5 in Staves
  7465 | D:8      | Reached skill level 5 in Slings
  7465 | D:8      | Reached skill level 5 in Bows
  7465 | D:8      | Reached skill level 5 in Crossbows
  7465 | D:8      | Reached skill level 5 in Throwing
  7465 | D:8      | Reached skill level 5 in Armour
  7465 | D:8      | Reached skill level 5 in Shields
  7465 | D:8      | Reached skill level 5 in Spellcasting
  7804 | D:8      | Reached ** piety under Okawaru
  7833 | D:8      | Noticed Baghtru's ghost (novice HOFi)
  8592 | D:8      | Found a stormy altar of Qazlal.
  9152 | D:9      | Reached *** piety under Okawaru
  9650 | D:9      | Identified a scroll of acquirement
  9711 | D:9      | Found a deep blue altar of Sif Muna.
  9718 | D:9      | Noticed Gastronok
  9744 | D:9      | Killed Gastronok
  9744 | D:9      | Received a gift from Okawaru
  9744 | D:9      | Reached **** piety under Okawaru
  9744 | D:9      | Received a gift from Okawaru
  9744 | D:9      | Reached XP level 11. HP: 47/84 MP: 14/19
  9943 | D:9      | Reached skill level 5 in Conjurations
  9943 | D:9      | Reached skill level 5 in Hexes
  9943 | D:9      | Reached skill level 5 in Charms
  9943 | D:9      | Reached skill level 5 in Summonings
  9943 | D:9      | Reached skill level 5 in Necromancy
  9943 | D:9      | Reached skill level 5 in Translocations
  9943 | D:9      | Reached skill level 5 in Transmutations
  9943 | D:9      | Reached skill level 5 in Fire Magic
  9943 | D:9      | Reached skill level 5 in Ice Magic
  9943 | D:9      | Reached skill level 5 in Air Magic
  9943 | D:9      | Reached skill level 5 in Earth Magic
  9943 | D:9      | Reached skill level 5 in Poison Magic
  9958 | D:9      | Found a staircase to the Lair.
  9968 | D:9      | Found a white marble altar of Elyvilon.
  9988 | D:9      | Found Getinyre's Jewellery Shop.
 10256 | D:10     | Entered Level 10 of the Dungeon
 10343 | D:10     | Found Janwups's Armour Shop.
 10379 | Lair:1   | Entered Level 1 of the Lair of Beasts
 10591 | D:10     | Learned a level 1 spell: Infusion
 10594 | D:10     | Learned a level 2 spell: Shroud of Golubria
 10597 | D:10     | Learned a level 2 spell: Song of Slaying
 10601 | D:10     | Learned a level 3 spell: Regeneration
 10661 | D:10     | Noticed an oklob plant
 10663 | D:10     | Found a sparkling altar of Nemelex Xobeh.
 10921 | D:9      | Reached ***** piety under Okawaru
 11405 | D:11     | Received a gift from Okawaru
 11645 | D:10     | Found a portal to a secret trove of treasure.
 11647 | D:10     | Found a staircase to the Orcish Mines.
 12117 | D:10     | Got a faintly glowing leather armour
 12315 | D:11     | Noticed Josephine
 12861 | D:11     | Killed Josephine
 12867 | D:11     | Noticed a manticore
 13015 | D:11     | Killed a manticore
 13237 | Lair:1   | Noticed a six-headed hydra
 13247 | Lair:1   | Killed a six-headed hydra
 13247 | Lair:1   | Reached XP level 12. HP: 86/93 MP: 18/22
 13313 | D:11     | Noticed Maurice
 13346 | D:11     | Killed Maurice
 13356 | D:11     | Noticed Erolcha
 13369 | D:11     | Killed Erolcha
 13396 | D:11     | Received a gift from Okawaru
 13861 | D:10     | Identified the +2 leather armour "Hourox" {Stlth+} (You found it on level 10 of the Dungeon)
 13963 | D:11     | Received a gift from Okawaru
 13966 | D:11     | Got a steaming longbow {god gift}
 14165 | D:10     | Identified the +7 longbow "Hiujah" {venom, rElec rPois Dex-3 Stlth+} (Okawaru gifted it to you on level 11 of the Dungeon)
 14346 | D:11     | Noticed a two-headed ogre
 14355 | D:11     | Killed a two-headed ogre
 14411 | D:11     | Noticed a tengu warrior
 14429 | D:11     | Killed a tengu warrior
 15396 | D:10     | Bought the +10 plate armour "Olyck" {rN+} for 1010 gold pieces
 15913 | Lair:2   | Found a staircase to the Shoals.
 16176 | Lair:2   | Found a hole to the Spider Nest.
 16659 | Lair:3   | Reached XP level 13. HP: 101/101 MP: 24/24
 16864 | Lair:3   | Received a gift from Okawaru
 16897 | Lair:3   | Found a frozen archway.
 16957 | IceCv    | Entered an ice cave
 18561 | IceCv    | Noticed a reaper
 18585 | IceCv    | Killed a reaper
 19065 | Lair:3   | Received a gift from Okawaru
 19506 | Lair:4   | Received a gift from Okawaru
 20666 | Lair:5   | Got a crude buckler
 20667 | Lair:5   | Identified the +3 buckler of the Ace of Pentacles {+Blink} (You found it on level 5 of the Lair of Beasts)
 21280 | Lair:6   | Entered Level 6 of the Lair of Beasts
 21618 | Lair:6   | Found a staircase to the Slime Pits.
 21618 | Lair:6   | Found a viscous altar of Jiyva.
 21660 | Lair:6   | Received a gift from Okawaru
 22106 | Lair:6   | Received a gift from Okawaru
 22127 | Lair:6   | Reached XP level 14. HP: 27/109 MP: 4/26
 23128 | Lair:6   | Reached skill level 10 in Fighting
 23128 | Lair:6   | Reached skill level 10 in Long Blades
 23128 | Lair:6   | Reached skill level 10 in Dodging
 23989 | Lair:6   | Got a coiled marble ring
 24001 | Lair:6   | Identified the ring of Ru's Approval {rF+ rC+ Str-3 Int+3} (You found it on level 6 of the Lair of Beasts)
 25041 | D:10     | Reached skill level 10 in Stealth
 25443 | D:12     | Found Sesoofej's Armour Emporium.
 25472 | D:12     | Found Taac's Armour Shop.
 25645 | D:12     | Reached skill level 10 in Invocations
 25758 | D:12     | Got an encrusted dagger
 25767 | D:12     | Identified the cursed +2 dagger "Sakuomu" {venom, rN+} (You found it on level 12 of the Dungeon)
 26000 | D:12     | Found Zedousuh's Distillery.
 26025 | D:12     | Received a gift from Okawaru
 26335 | Orc:1    | Entered Level 1 of the Orcish Mines
 26335 | Orc:1    | Found Hauloeji's Food Shop.
 26335 | Orc:1    | Found Wyimahudd's Gadget Boutique.
 26522 | Orc:1    | Received a gift from Okawaru
 26590 | Orc:1    | Found Wetahan's Food Boutique.
 26631 | Orc:1    | Found Niehimm's General Store.
 26836 | Orc:1    | Found Acraha's Assorted Antiques.
 26844 | Orc:1    | Bought a runed cloak for 217 gold pieces
 26891 | Orc:1    | You fall through a shaft!
 26891 | Orc:2    | Entered Level 2 of the Orcish Mines
 27008 | Orc:2    | Found a staircase to the Elven Halls.
 27676 | Orc:2    | Cast into level 2 of the Abyss (orc knight)
 27758 | Abyss:2  | Noticed a lich
 27803 | Abyss:2  | Killed a lich
 27844 | Abyss:2  | Reached XP level 15. HP: 50/117 MP: 17/28
 28007 | Abyss:2  | HP: 5/117 [jiangshi[a vampire mage] (8)]
 28058 | Abyss:2  | Received a gift from Okawaru
 28330 | Abyss:2  | Reached skill level 10 in Unarmed Combat
 28330 | Abyss:2  | Reached skill level 10 in Evocations
 28500 | Abyss:2  | Received a gift from Okawaru
 28797 | Abyss:2  | Noticed a tentacled monstrosity
 28798 | Abyss:2  | Noticed a tentacled starspawn
 29049 | Orc:2    | Escaped the Abyss
 29097 | Orc:2    | Received a gift from Okawaru
 29336 | Orc:2    | Received a gift from Okawaru
 29339 | Orc:2    | Got a translucent plate armour {god gift}
 29382 | Orc:2    | Identified the +4 plate armour of the Swamp {rElec Str+3 Dex+5} (Okawaru gifted it to you on level 2 of the Orcish Mines)
 29470 | Orc:2    | Found Kengankynoc's Weapon Shop.
 29470 | Orc:2    | Found Xomozen's Food Shop.
 29472 | Orc:2    | Found Xifoew's Food Shoppe.
 29472 | Orc:2    | Found Vefforom's Antique Armour Shoppe.
 29495 | Orc:2    | Bought a pair of faintly glowing gloves for 266 gold pieces
 29496 | Orc:2    | Identified the +2 pair of gloves of Proximity {Int+4 Dex+5 Slay+5} (You bought it in a shop on level 2 of the Orcish Mines)
 30635 | D:13     | Reached skill level 10 in Short Blades
 30635 | D:13     | Reached skill level 10 in Axes
 30635 | D:13     | Reached skill level 10 in Maces & Flails
 30635 | D:13     | Reached skill level 10 in Polearms
 30635 | D:13     | Reached skill level 10 in Staves
 30635 | D:13     | Reached skill level 10 in Slings
 30635 | D:13     | Reached skill level 10 in Bows
 30635 | D:13     | Reached skill level 10 in Crossbows
 30635 | D:13     | Reached skill level 10 in Throwing
 30635 | D:13     | Reached skill level 10 in Armour
 30635 | D:13     | Reached skill level 10 in Shields
 30635 | D:13     | Reached skill level 10 in Spellcasting
 30740 | D:13     | Found a gate to the Vaults.
 31689 | D:14     | Noticed Ratty's ghost (journeyman DENe)
 31712 | D:14     | Killed Ratty's ghost
 32454 | D:14     | Received a gift from Okawaru
 32454 | D:14     | Reached XP level 16. HP: 76/125 MP: 18/30
 32603 | D:15     | Entered Level 15 of the Dungeon
 32603 | D:15     | Found a deep blue altar of Sif Muna.
 32915 | D:14     | Received a gift from Okawaru
 32981 | D:15     | Got a shimmering trident
 32982 | D:15     | Identified the +3 trident of the People {drain, Str+4} (You found it on level 15 of the Dungeon)
 33229 | D:15     | Reached ****** piety under Okawaru
 33313 | D:15     | Found a staircase to the Depths.
 34044 | Spider:1 | Entered Level 1 of the Spider Nest
 34938 | Spider:2 | Noticed Donald
 34952 | Spider:2 | Killed Donald
 35259 | Spider:2 | Received a gift from Okawaru
 35794 | Spider:2 | Got a pair of heavily runed boots
 35796 | Spider:2 | Identified the cursed +0 pair of boots "Waumm" {rCorr Str+4} (You found it on level 2 of the Spider Nest)
 35810 | Spider:2 | Noticed Nikola
 35829 | Spider:2 | Killed Nikola
 35829 | Spider:2 | Received a gift from Okawaru
 36279 | Spider:3 | Noticed Jorgrun
 36306 | Spider:2 | Killed Jorgrun
 36575 | Spider:3 | Reached XP level 17. HP: 133/133 MP: 32/32
 37621 | Spider:4 | Entered Level 4 of the Spider Nest
 37951 | Spider:3 | Received a gift from Okawaru
 38436 | Spider:4 | Received a gift from Okawaru
 38571 | Spider:4 | Received a gift from Okawaru
 39141 | Spider:4 | Received a gift from Okawaru
 39449 | Spider:4 | Received a gift from Okawaru
 39738 | Spider:4 | Received a gift from Okawaru
 39989 | Spider:4 | Reached skill level 10 in Conjurations
 39989 | Spider:4 | Reached skill level 10 in Hexes
 39989 | Spider:4 | Reached skill level 10 in Charms
 39989 | Spider:4 | Reached skill level 10 in Summonings
 39989 | Spider:4 | Reached skill level 10 in Necromancy
 39989 | Spider:4 | Reached skill level 10 in Translocations
 39989 | Spider:4 | Reached skill level 10 in Transmutations
 39989 | Spider:4 | Reached skill level 10 in Fire Magic
 39989 | Spider:4 | Reached skill level 10 in Ice Magic
 39989 | Spider:4 | Reached skill level 10 in Air Magic
 39989 | Spider:4 | Reached skill level 10 in Earth Magic
 39989 | Spider:4 | Reached skill level 10 in Poison Magic
 40175 | Spider:4 | Got a gossamer rune of Zot
 40534 | Shoals:1 | Entered Level 1 of the Shoals
 40909 | Lair:2   | Reached XP level 18. HP: 73/141 MP: 24/33
 41614 | Shoals:1 | Noticed Spoonicorn's ghost (journeyman MiBe)
 41642 | Shoals:1 | Killed Spoonicorn's ghost
 43861 | Shoals:3 | Received a gift from Okawaru
 43905 | Shoals:3 | Got a translucent helmet {god gift}
 43908 | Shoals:3 | Identified the +0 helmet "Weppo" {rN+ Str+2 Stlth+} (Okawaru gifted it to you on level 3 of the Shoals)
 44672 | Shoals:4 | Entered Level 4 of the Shoals
 44833 | Shoals:4 | Got a barnacled rune of Zot
 44988 | Shoals:4 | Noticed Ilsuiw
 45065 | Shoals:4 | Killed Ilsuiw
 45288 | Shoals:4 | Noticed Mgcat's ghost (adept HuBe)
 45335 | Shoals:4 | Killed Mgcat's ghost
 45497 | Shoals:4 | Reached XP level 19. HP: 115/149 MP: 26/35
 45934 | Shoals:4 | Got a warped graven amulet
 45935 | Shoals:4 | Identified the amulet "Rovi" {Faith +Blink Str+2 Stlth+} (You found it on level 4 of the Shoals)
 46012 | Shoals:4 | Got a warped ring mail
 46015 | Shoals:4 | Identified the +3 ring mail of a treasure trove {rCorr} (You found it on level 4 of the Shoals)
 46396 | Shoals:4 | Received a gift from Okawaru
 46423 | Shoals:4 | Got a warped plate armour
 46636 | Lair:1   | Identified the cursed +0 plate armour of Virtue {Str-3 Dex+3} (You found it on level 4 of the Shoals)
 46786 | Elf:1    | Entered Level 1 of the Elven Halls
 46969 | Elf:1    | Found Xikong's General Store.
 46975 | Elf:1    | Found Oduugradd's Distillery.
 46975 | Elf:1    | Found Joguni's General Store.
 47054 | Elf:1    | Found Atoteng's Antique Armour Boutique.
 47058 | Elf:1    | Bought a scroll of enchant armour for 97 gold pieces
 47073 | Elf:1    | Bought a potion of haste for 140 gold pieces
 47073 | Elf:1    | Bought a potion of curing for 42 gold pieces
 47073 | Elf:1    | Bought a potion of curing for 42 gold pieces
 47073 | Elf:1    | Bought a potion of heal wounds for 70 gold pieces
 47073 | Elf:1    | Bought a potion of curing for 42 gold pieces
 47073 | Elf:1    | Bought a potion of curing for 42 gold pieces
 47073 | Elf:1    | Bought 2 potions of curing for 84 gold pieces
 49206 | Elf:2    | Received a gift from Okawaru
 49412 | Elf:2    | Received a gift from Okawaru
 49437 | Elf:2    | Got a pitted short sword {god gift}
 49485 | Elf:2    | Found a runed gate.
 49486 | Elf:2    | Found a runed gate.
 49487 | Elf:2    | Found a runed gate.
 49887 | Elf:2    | Got a faintly glowing fustibalus
 49890 | Elf:2    | Identified the +10 fustibalus of Conversion {speed, MR+ Int+4} (You found it on level 2 of the Elven Halls)
 50582 | Elf:2    | Received a gift from Okawaru
 50625 | Elf:2    | Reached XP level 20. HP: 85/157 MP: 16/36
 51114 | Elf:3    | Entered Level 3 of the Elven Halls
 51219 | Elf:3    | Received a gift from Okawaru
 51478 | Elf:3    | Noticed Saint Roka
 51514 | Elf:3    | Killed Saint Roka
 52328 | Elf:3    | Noticed Bai Suzhen
 52368 | Elf:3    | Killed Bai Suzhen
 52422 | Elf:3    | Noticed Asterion
 52445 | Elf:3    | Killed Asterion
 52595 | Elf:3    | Received a gift from Okawaru
 52629 | Elf:3    | Received a gift from Okawaru
 53350 | Elf:3    | Identified the Catalogue of the Curious Ghosts
 53436 | Elf:3    | Got a smoking helmet
 53449 | Elf:3    | Identified the +0 helmet of the Dungeon {Str+3} (You found it on level 3 of the Elven Halls)
 53679 | Elf:3    | Got a scintillating iron ring
 53681 | Elf:3    | Identified the ring of Teahac {Ice rN++ Int+3 SInv} (You took it off a deep elf death mage on level 3 of the Elven Halls)
 53686 | Elf:3    | Got a scorched long sword {vamp}
 53695 | Elf:3    | Identified the +6 long sword "Plog" {vamp, rPois rF+++ rC- Dex+6} (You took it off a deep elf death mage on level 3 of the Elven Halls)
 53896 | Lair:1   | Learned a level 5 spell: Borgnjor's Vile Clutch
 54060 | Depths:1 | Entered Level 1 of the Depths
 54060 | Depths:1 | Noticed the Enchantress
 54360 | D:15     | HP: 2/159 [spriggan defender/flail of venom[the Enchantress] (15)]
 54365 | D:15     | HP: 3/159 [the Enchantress/flail of distortion (17)]
 54368 | D:15     | Drowned by a water elemental

Skill      XL: |  1  2  3  4  5  6  7  8  9 10 11 12 13 14 15 16 17 18 19 20 |
---------------+-------------------------------------------------------------+-----
Invocations    | 1 2 3 4 5 6 7 8 9 10 11 12 13 14 | 14.5
Short Blades   | 1 2 3 4 5 6 7 8 9 10 11 12 13 | 13.5
Axes           | 1 2 3 4 5 6 7 8 9 10 11 12 13 | 13.5
Maces & Flails | 1 2 3 4 5 6 7 8 9 10 11 12 13 | 13.5
Polearms       | 1 2 3 4 5 6 7 8 9 10 11 12 13 | 13.5
Staves         | 1 2 3 4 5 6 7 8 9 10 11 12 13 | 13.5
Slings         | 1 2 3 4 5 6 7 8 9 10 11 12 13 | 13.5
Bows           | 1 2 3 4 5 6 7 8 9 10 11 12 13 | 13.5
Crossbows      | 1 2 3 4 5 6 7 8 9 10 11 12 13 | 13.5
Throwing       | 1 2 3 4 5 6 7 8 9 10 11 12 13 | 13.5
Armour         | 1 2 3 4 5 6 7 8 9 10 11 12 13 | 13.5
Shields        | 1 2 3 4 5 6 7 8 9 10 11 12 13 | 13.5
Spellcasting   | 1 2 3 4 5 6 7 8 9 10 11 12 13 | 13.5
Conjurations   | 1 2 3 4 5 6 7 8 9 10 11 | 11.6
Hexes          | 1 2 3 4 5 6 7 8 9 10 11 | 11.6
Charms         | 1 2 3 4 5 6 7 8 9 10 11 | 11.6
Summonings     | 1 2 3 4 5 6 7 8 9 10 11 | 11.6
Necromancy     | 1 2 3 4 5 6 7 8 9 10 11 | 11.6
Translocations | 1 2 3 4 5 6 7 8 9 10 11 | 11.6
Transmutations | 1 2 3 4 5 6 7 8 9 10 11 | 11.6
Fire Magic     | 1 2 3 4 5 6 7 8 9 10 11 | 11.6
Ice Magic      | 1 2 3 4 5 6 7 8 9 10 11 | 11.6
Air Magic      | 1 2 3 4 5 6 7 8 9 10 11 | 11.6
Earth Magic    | 1 2 3 4 5 6 7 8 9 10 11 | 11.6
Poison Magic   | 1 2 3 4 5 6 7 8 9 10 11 | 11.6
Unarmed Combat | 3 4 5 6 7 8 9 10 11 12 13 | 13.7
Evocations     | 3 4 5 6 7 8 9 10 11 12 13 | 13.7
Fighting       | 5 6 7 8 9 10 11 12 13 14 | 14.1
Long Blades    | 5 6 7 8 9 10 11 12 13 14 | 14.1
Dodging        | 5 6 7 8 9 10 11 12 13 14 | 14.1
Stealth        | 5 6 7 8 9 10 11 12 13 14 | 14.0

Action                   |  1- 3 |  4- 6 |  7- 9 | 10-12 | 13-15 | 16-18 | 19-21 || total
-------------------------+-------+-------+-------+-------+-------+-------+-------++-------
Melee: Falchion          |    88 |    58 |       |       |       |       |       ||   146
       Bite              |    11 |    11 |    40 |   119 |   252 |   254 |   157 ||   844
       Punch             |       |     2 |     6 |    11 |    74 |   105 |    20 ||   218
       Mace              |       |    84 |   183 |       |       |       |       ||   267
       Whip              |       |       |   172 |   931 |  1703 |  1522 |   186 ||  4514
       Demon trident     |       |       |       |       |       |       |   810 ||   810
       Long sword        |       |       |       |       |       |       |   116 ||   116
 Fire: Longbow           |       |       |       |    45 |   429 |   587 |   150 ||  1211
Throw: Stone             |       |     4 |       |       |       |       |     3 ||     7
       Tomahawk          |       |     1 |       |     1 |       |       |       ||     2
 Cast: Shroud of Golubri |       |       |       |       |     9 |     7 |    11 ||    27
       Infusion          |       |       |       |       |     6 |     2 |    17 ||    25
       Song of Slaying   |       |       |       |       |     4 |     3 |     3 ||    10
       Regeneration      |       |       |       |       |     9 |     3 |     1 ||    13
Invok: Heroism           |       |       |       |     6 |    31 |    25 |     3 ||    65
       Finesse           |       |       |       |       |     3 |     3 |     1 ||     7
Evoke: Wand              |       |       |       |     4 |     1 |       |     3 ||     8
       Lamp of fire      |       |       |       |       |       |     1 |     1 ||     2
  Use: Scroll            |       |     9 |     5 |    13 |    18 |    12 |    10 ||    67
       Potion            |       |       |       |       |    11 |     3 |     9 ||    23
 Stab: Sleeping          |     4 |     1 |       |       |       |       |     3 ||     8
       Invisible         |       |       |       |       |    11 |       |       ||    11
       Distracted        |       |       |       |       |       |     1 |     1 ||     2
  Eat: Chunk             |     2 |     5 |    16 |    24 |    21 |    24 |    23 ||   115
       Ration            |       |       |       |     3 |     9 |     5 |     3 ||    20
Armor: Robe              |     4 |       |       |       |       |       |       ||     4
       Leather armour    |     9 |       |       |       |       |       |       ||     9
       Scale mail        |    14 |    20 |       |       |       |       |       ||    34
       Plate armour      |       |    39 |   252 |   272 |   850 |  1379 |   389 ||  3181
       Chain mail        |       |     2 |       |   199 |       |       |       ||   201
Dodge: Dodged            |    57 |    77 |   127 |   285 |   701 |  1025 |   288 ||  2560
Block: Shield            |       |       |       |   314 |       |       |   337 ||   651
       Other             |       |       |       |       |       |    69 |    31 ||   100
       Reflection        |       |       |       |       |       |     6 |    24 ||    30
       Rpst.: Falchion   |    14 |    12 |       |       |       |       |       ||    26
       Long sword        |       |       |       |       |       |       |    10 ||    10
